PCL
TEXARKANA BEARS @ SPOKANE TRAPPERS
08/03/2026
 
TOP OF THE 1ST
Lansing Lugnuts batting - Pitching for Spokane Trappers : LHP Adrián León
Pitching: LHP Adrián León
Batting: LHB Sam Barnes 0-0: Ball
1-0: Fly out, F6 (Popup, 6D)
Batting: RHB Wilson Gómez 0-0: Ball
1-0: Foul Ball, location: 2F
1-1: Foul Ball, location: 2F
1-2: Ball
2-2: Strikes out swinging
Batting: RHB Billy Campbell 0-0: Ball
1-0: Foul Ball, location: 2F
1-1: Called Strike
1-2: Foul Ball, location: 2F
1-2: SINGLE (Line Drive, 4D)
Batting: LHB Tom Mullins 0-0: Ball
1-0: Ball
2-0: Ball
3-0: Called Strike
3-1: SINGLE (Flyball, 7LS)
Billy Campbell to second
Batting: RHB Juan Rico 0-0: Foul Ball, location: 2F
0-1: Ball
1-1: Ball
Reached via error on a dropped throw, E3
Billy Campbell to third
Tom Mullins to second
Batting: LHB Alberto Medine 0-0: Called Strike
0-1: Foul Ball, location: 2F
0-2: Ball
1-2: Ball
2-2: Ball
3-2: Base on Balls
Billy Campbell scores
Tom Mullins to third
Juan Rico to second
Batting: RHB Lu-fang Huie 0-0: Ball
1-0: Swinging Strike
1-1: Ball
2-1: Foul Ball, location: 2F
2-2: Ball
3-2: TRIPLE (Line Drive, 78M)
Tom Mullins scores
Juan Rico scores
Alberto Medine scores
Batting: RHB Sadao Kimura 0-0: Called Strike
0-1: Ball
1-1: Ball
2-1: Swinging Strike
2-2: Strikes out swinging
Top of the 1st over - 4 run(s), 3 hit(s), 1 error(s), 1 left on base; Lansing 4 - Spokane 0
BOTTOM OF THE 1ST
Spokane Trappers batting - Pitching for Lansing Lugnuts : RHP Ángelo Gusmán
Pitching: RHP Ángelo Gusmán
Batting: RHB Tomás Carranza 0-0: Ball
1-0: Ball
2-0: Ball
3-0: Base on Balls
Batting: SHB Nick Cox 0-0: Called Strike
0-1: Ball
1-1: Foul Ball, location: 2F
1-2: Strikes out swinging
Batting: RHB Marlon Phipps 0-0: Called Strike
0-1: Ball
1-1: Foul Ball, location: 2F
1-2: SINGLE (Line Drive, 78S)
Tomás Carranza to second
Batting: RHB Ramiro Ross 0-0: Swinging Strike
0-1: Foul Ball, location: 2F
0-2: Ball
1-2: Foul Ball, location: 2F
1-2: Ball
2-2: Strikes out swinging
Batting: LHB Héctor Rentería 0-0: Foul Ball, location: 2F
0-1: Ball
1-1: Foul Ball, location: 2F
1-2: Strikes out swinging
Bottom of the 1st over - 0 run(s), 1 hit(s), 0 error(s), 2 left on base; Lansing 4 - Spokane 0
TOP OF THE 2ND
Lansing Lugnuts batting - Pitching for Spokane Trappers : LHP Adrián León
Batting: RHB Steve Garneys 0-0: SINGLE (Groundball, 56) (infield hit)
Batting: LHB Sam Barnes 0-0: Called Strike
0-1: Ball
1-1: Ball
2-1: Fly out, F8 (Flyball, 8RXD)
Batting: RHB Wilson Gómez 0-0: Ball
1-0: Swinging Strike
1-1: Foul Ball, location: 2F
1-2: Foul Ball, location: 2F
1-2: Strikes out looking
Batting: RHB Billy Campbell 0-0: Ball
1-0: Ground out 5-3 (Groundball, 5)
Top of the 2nd over - 0 run(s), 1 hit(s), 0 error(s), 1 left on base; Lansing 4 - Spokane 0
BOTTOM OF THE 2ND
Spokane Trappers batting - Pitching for Lansing Lugnuts : RHP Ángelo Gusmán
Batting: RHB Jeremy Carr 0-0: Ball
1-0: Ball
2-0: Ball
3-0: Called Strike
3-1: Called Strike
3-2: Ground out 4-3 (Groundball, 4)
Batting: RHB Clyde Kelley 0-0: Ball
1-0: Called Strike
1-1: Swinging Strike
1-2: Strikes out swinging
Batting: LHB Jesús Ramírez 0-0: Ball
1-0: Called Strike
1-1: Ball
2-1: Foul Ball, location: 2F
2-2: Ball
3-2: Base on Balls
Batting: RHB Pedro Rodríguez 0-0: Ball
1-0: Foul Ball, location: 2F
1-1: DOUBLE (Flyball, 78M)
Jesús Ramírez to third
Batting: RHB Tomás Carranza 0-0: Ball
1-0: Fly out, F8 (Line Drive, 8RM)
Bottom of the 2nd over - 0 run(s), 1 hit(s), 0 error(s), 2 left on base; Lansing 4 - Spokane 0
TOP OF THE 3RD
Lansing Lugnuts batting - Pitching for Spokane Trappers : LHP Adrián León
Batting: LHB Tom Mullins 0-0: Ball
1-0: Called Strike
1-1: Ball
2-1: Foul Ball, location: 2F
2-2: Ball
3-2: Strikes out looking
Batting: RHB Juan Rico 0-0: Called Strike
0-1: Foul Ball, location: 2F
0-2: DOUBLE (Flyball, 9D)
Batting: LHB Alberto Medine 0-0: Ball
1-0: Ground out 4-3 (Groundball, 34)
Juan Rico to third
Batting: RHB Lu-fang Huie 0-0: Ball
1-0: Ground out 6-3 (Groundball, 56)
Top of the 3rd over - 0 run(s), 1 hit(s), 0 error(s), 1 left on base; Lansing 4 - Spokane 0
BOTTOM OF THE 3RD
Spokane Trappers batting - Pitching for Lansing Lugnuts : RHP Ángelo Gusmán
Batting: SHB Nick Cox 0-0: Called Strike
0-1: Called Strike
0-2: Ball
1-2: SOLO HOME RUN (Flyball, 7D), Distance : 375 ft
Batting: RHB Marlon Phipps 0-0: Ball
1-0: Foul Ball, location: 2F
1-1: Ball
2-1: Foul Ball, location: 2F
2-2: Strikes out swinging
Batting: RHB Ramiro Ross 0-0: Swinging Strike
0-1: SINGLE (Groundball, 5S)
Batting: LHB Héctor Rentería 0-0: Ball
1-0: Called Strike
1-1: Ball
2-1: Called Strike
2-2: Ball
3-2: Foul Ball, location: 2F
3-2: Foul Ball, location: 2F
3-2: SINGLE (Groundball, 5D)
Ramiro Ross to second
Batting: RHB Jeremy Carr 0-0: Ball
1-0: Foul Ball, location: 2F
1-1: SINGLE (Line Drive, 7S)
Ramiro Ross to third
Héctor Rentería to second
Batting: RHB Clyde Kelley 0-0: Called Strike
0-1: Foul Ball, location: 2F
0-2: Grounds into double play, 6-4-3 (Groundball, 6M)
Bottom of the 3rd over - 1 run(s), 4 hit(s), 0 error(s), 2 left on base; Lansing 4 - Spokane 1
TOP OF THE 4TH
Lansing Lugnuts batting - Pitching for Spokane Trappers : LHP Adrián León
Batting: RHB Sadao Kimura 0-0: Ball
1-0: Ball
2-0: Ball
3-0: Base on Balls
Batting: RHB Steve Garneys 0-0: Ball
1-0: Called Strike
1-1: Ball
2-1: SINGLE (Line Drive, 56D)
Sadao Kimura to second
Batting: LHB Sam Barnes 0-0: Ball
1-0: Ball
2-0: Foul Ball, location: 2F
2-1: Ball
3-1: Swinging Strike
3-2: Foul Ball, location: 2F
3-2: SINGLE (Groundball, 34D)
Sadao Kimura to third
Steve Garneys to second
Runner from 3rd tries for Home, throw and OUT!
Steve Garneys to third
Sam Barnes to second
Batting: RHB Wilson Gómez 0-0: Ball
1-0: Swinging Strike
1-1: Swinging Strike
1-2: Ball
2-2: Fly out, F7 (Line Drive, 7M)
Runner from 3rd tags up, SCORES, no throw
Batting: RHB Billy Campbell 0-0: Ball
1-0: Ball
2-0: Ball
3-0: Called Strike
3-1: Ground out 4-3 (Groundball, 4M)
Top of the 4th over - 1 run(s), 2 hit(s), 0 error(s), 1 left on base; Lansing 5 - Spokane 1
BOTTOM OF THE 4TH
Spokane Trappers batting - Pitching for Lansing Lugnuts : RHP Ángelo Gusmán
Batting: LHB Jesús Ramírez 0-0: Ball
1-0: Ball
2-0: Ball
3-0: Foul Ball, location: 2F
3-1: Base on Balls
Batting: RHB Pedro Rodríguez 0-0: Ball
1-0: Called Strike
1-1: Swinging Strike
1-2: Fly out, F9 (Flyball, 89XD)
Batting: RHB Tomás Carranza 0-0: Called Strike
0-1: Ball
1-1: Ball
2-1: Swinging Strike
2-2: Fielders Choice at 2nd, 6-4 (Groundball, 6M)
Batting: SHB Nick Cox 0-0: Ball
1-0: Called Strike
1-1: Swinging Strike
1-2: Ball
Tomás Carranza steals 2nd base
2-2: Ball
3-2: Base on Balls
Batting: RHB Marlon Phipps 0-0: Fielders Choice at 2nd, 6-4 (Groundball, 6S)
Bottom of the 4th over - 0 run(s), 0 hit(s), 0 error(s), 1 left on base; Lansing 5 - Spokane 1
TOP OF THE 5TH
Lansing Lugnuts batting - Pitching for Spokane Trappers : LHP Adrián León
Pitching: RHP Kiyomitsu Fujii
Batting: LHB Tom Mullins 0-0: Ball
1-0: Called Strike
1-1: Swinging Strike
1-2: Ball
2-2: Ball
3-2: Strikes out swinging
Batting: RHB Juan Rico 0-0: Called Strike
0-1: Ball
1-1: Ball
2-1: Ground out 6-3 (Groundball, 6)
Batting: LHB Alberto Medine 0-0: Fly out, F4 (Popup, 4)
Top of the 5th over - 0 run(s), 0 hit(s), 0 error(s), 0 left on base; Lansing 5 - Spokane 1
BOTTOM OF THE 5TH
Spokane Trappers batting - Pitching for Lansing Lugnuts : RHP Ángelo Gusmán
Batting: RHB Ramiro Ross 0-0: Called Strike
0-1: Ball
1-1: Ball
2-1: Swinging Strike
2-2: Ball
3-2: Base on Balls
Pitching: LHP Roberto Vázquez
Batting: LHB Héctor Rentería 0-0: Ball
1-0: Fly out, F6 (Popup, 6M)
Batting: RHB Jeremy Carr 0-0: Ball
1-0: Ball
2-0: Called Strike
2-1: Swinging Strike
2-2: 2-RUN HOME RUN (Flyball, 7D), Distance : 366 ft
Batting: RHB Clyde Kelley 0-0: Foul Ball, location: 2F
0-1: Fly out, F8 (Flyball, 8RM)
Batting: LHB Jesús Ramírez 0-0: Swinging Strike
0-1: Ball
1-1: Ground out U3 (Groundball, 3S)
Bottom of the 5th over - 2 run(s), 1 hit(s), 0 error(s), 0 left on base; Lansing 5 - Spokane 3
TOP OF THE 6TH
Lansing Lugnuts batting - Pitching for Spokane Trappers : RHP Kiyomitsu Fujii
Batting: RHB Lu-fang Huie 0-0: Ball
1-0: Called Strike
1-1: Swinging Strike
1-2: Ball
2-2: Strikes out swinging
Batting: RHB Sadao Kimura 0-0: Ball
1-0: Foul Ball, location: 2F
1-1: Fly out, F7 (Popup, 6D)
Batting: RHB Steve Garneys 0-0: Swinging Strike
0-1: Fly out, F9 (Line Drive, 9S)
Top of the 6th over - 0 run(s), 0 hit(s), 0 error(s), 0 left on base; Lansing 5 - Spokane 3
BOTTOM OF THE 6TH
Spokane Trappers batting - Pitching for Lansing Lugnuts : LHP Roberto Vázquez
Batting: RHB Pedro Rodríguez 0-0: Ball
1-0: Called Strike
1-1: Called Strike
1-2: Strikes out swinging
Batting: RHB Tomás Carranza 0-0: Ball
1-0: Called Strike
1-1: Called Strike
1-2: Strikes out looking
Batting: SHB Nick Cox 0-0: Ball
1-0: Called Strike
1-1: Foul Ball, location: 2F
1-2: Ball
2-2: Ball
3-2: Strikes out swinging
Bottom of the 6th over - 0 run(s), 0 hit(s), 0 error(s), 0 left on base; Lansing 5 - Spokane 3
TOP OF THE 7TH
Lansing Lugnuts batting - Pitching for Spokane Trappers : RHP Kiyomitsu Fujii
Pitching: RHP Ching-wei Zi
Batting: LHB Sam Barnes 0-0: Ball
1-0: Ball
2-0: Ball
3-0: Base on Balls
Batting: RHB Wilson Gómez 0-0: Called Strike
Sam Barnes is caught stealing 2nd base
0-1: Swinging Strike
0-2: Strikes out swinging
Batting: RHB Billy Campbell 0-0: Called Strike
0-1: Ground out 6-3 (Groundball, 6)
Top of the 7th over - 0 run(s), 0 hit(s), 0 error(s), 0 left on base; Lansing 5 - Spokane 3
BOTTOM OF THE 7TH
Spokane Trappers batting - Pitching for Lansing Lugnuts : LHP Roberto Vázquez
Pitching: RHP Asher Zasko
Batting: RHB Marlon Phipps 0-0: Foul Ball, location: 2F
0-1: Swinging Strike
0-2: Ball
1-2: Ball
2-2: Strikes out swinging
Batting: RHB Ramiro Ross 0-0: Ball
1-0: Reaches on Catchers interference
Batting: LHB Héctor Rentería 0-0: Ball
1-0: Foul Ball, location: 2F
1-1: Ball
2-1: Fielders Choice at 2nd, 1-6 (Groundball, 15)
Batting: RHB Jeremy Carr 0-0: Called Strike
Héctor Rentería steals 2nd base
0-1: Ball
1-1: Foul Ball, location: 2F
1-2: Ball
2-2: Foul Ball, location: 2F
2-2: Strikes out looking
Bottom of the 7th over - 0 run(s), 0 hit(s), 1 error(s), 1 left on base; Lansing 5 - Spokane 3
TOP OF THE 8TH
Lansing Lugnuts batting - Pitching for Spokane Trappers : RHP Ching-wei Zi
Batting: LHB Tom Mullins 0-0: Called Strike
0-1: Foul Ball, location: 2F
0-2: Ball
1-2: Ball
2-2: Foul Ball, location: 2F
2-2: Strikes out swinging
Batting: RHB Juan Rico 0-0: Ball
1-0: Called Strike
1-1: Ball
2-1: Ball
3-1: Called Strike
3-2: Foul Ball, location: 2F
3-2: Ground out 5-3 (Groundball, 5L)
Batting: LHB Alberto Medine 0-0: Foul Ball, location: 2F
0-1: SINGLE (Groundball, 4M)
Batting: RHB Lu-fang Huie 0-0: Called Strike
0-1: Called Strike
0-2: Strikes out swinging
Top of the 8th over - 0 run(s), 1 hit(s), 0 error(s), 1 left on base; Lansing 5 - Spokane 3
BOTTOM OF THE 8TH
Spokane Trappers batting - Pitching for Lansing Lugnuts : RHP Asher Zasko
Batting: RHB Clyde Kelley 0-0: Ball
1-0: Ball
2-0: Called Strike
2-1: Ball
3-1: DOUBLE (Line Drive, 89M)
Pitching: RHP Alberto Márquez
Batting: LHB Jesús Ramírez 0-0: Swinging Strike
0-1: Ball
1-1: Ball
2-1: Ground out U3 (Groundball, 3L)
Clyde Kelley to third
Batting: RHB Pedro Rodríguez 0-0: Swinging Strike
0-1: Ball
1-1: Ball
2-1: Foul Ball, location: 2F
2-2: Strikes out swinging
Batting: RHB Tomás Carranza 0-0: Ball
1-0: Swinging Strike
1-1: Ball
2-1: Fly out, F4 (Popup, 13)
Bottom of the 8th over - 0 run(s), 1 hit(s), 0 error(s), 1 left on base; Lansing 5 - Spokane 3
TOP OF THE 9TH
Lansing Lugnuts batting - Pitching for Spokane Trappers : RHP Ching-wei Zi
Batting: RHB Sadao Kimura 0-0: Ball
1-0: Called Strike
1-1: Fly out, F9 (Flyball, 89D)
Batting: RHB Steve Garneys 0-0: Ball
1-0: Ground out 4-3 (Groundball, 4)
Batting: LHB Sam Barnes 0-0: Ball
1-0: Ground out 4-3 (Groundball, 4M)
Top of the 9th over - 0 run(s), 0 hit(s), 0 error(s), 0 left on base; Lansing 5 - Spokane 3
BOTTOM OF THE 9TH
Spokane Trappers batting - Pitching for Lansing Lugnuts : RHP Alberto Márquez
Pitching: RHP Jesús Sosa
Batting: SHB Nick Cox 0-0: Ball
1-0: Foul Ball, location: 2F
1-1: Ball
2-1: Foul Ball, location: 2F
2-2: Ball
3-2: Reached on error, E4 (Groundball, 4)
Batting: RHB Marlon Phipps 0-0: Ball
1-0: Ball
2-0: Fly out, F7 (Flyball, 7M)
Batting: RHB Ramiro Ross 0-0: Ball
1-0: Called Strike
1-1: Foul Ball, location: 2F
1-2: Strikes out looking
Batting: LHB Héctor Rentería 0-0: Ball
1-0: Swinging Strike
1-1: Ground out 6-3 (Groundball, 6)
Bottom of the 9th over - 0 run(s), 0 hit(s), 1 error(s), 1 left on base; Lansing 5 - Spokane 3
Monday, December 5th, 2016 - OOTP Baseball 17.12 Build 75